 Dungeon Crawl Stone Soup version 0.31-a0-4-gefa6de2278 (webtiles) character file.

Game seed: 8087652518599905387

81 subawu the Trooper (level 4, -2/29 HPs)
             Began as a Gargoyle Monk on May 4, 2023.
             Slain by a gnoll
             ... wielding a +0 club
              (5 damage)
             ... on level 2 of the Dungeon.
             The game lasted 00:05:29 (1442 turns).

subawu the Trooper (Gargoyle Monk)                  Turns: 1442, Time: 00:05:29

Health: -2/29      AC:  8    Str: 15    XL:     4   Next: 42%
Magic:  4/4        EV: 11    Int: 12    God:
Gold:   80         SH:  0    Dex: 12    Spells: 3/3 levels left

rFire   . . .        a - +0 mace
rCold   . . .        d - orb {light}
rNeg    + . .        m - +0 ring mail
rPois   ∞            (no helmet)
rElec   +            (no cloak)
rCorr   .            (no gloves)
SInv    .            (no boots)
Will    .....        (no amulet)
Stlth   +            (no ring)
HPRegen 0.24/turn    (no ring)
MPRegen 0.09/turn

%: no passive effects
@: glowing
A: sickness immunity, AC +3, negative energy resistance 1, electricity
resistance, torment resistance 1, petrification resistance
a: no special abilities


You were on level 2 of the Dungeon.
You visited 1 branch of the dungeon, and saw 2 of its levels.

You collected 80 gold pieces.

Inventory:

Hand Weapons
 a - a +0 mace (weapon)
 o - a +0 spear
Armour
 b - a +0 robe
 d - an orb of light (worn)
 m - a +0 ring mail (worn)
Scrolls
 f - a scroll of magic mapping {unknown}
 h - a scroll of fear
 j - a scroll of enchant armour {unknown}
Potions
 c - a potion of ambrosia
 e - a potion of curing
 g - a potion of flight {unknown}
 i - a potion of resistance {unknown}
 k - a potion of attraction {unknown}
 l - a potion of lignification {unknown}


   Skills:
 + Level 3.8 Fighting
 + Level 3.7 Maces & Flails
 + Level 1.6 Armour
 + Level 3.1 Dodging


You had 3 spell levels left.
You didn't know any spells.
Your spell library was empty.

Dungeon Overview and Level Annotations

Branches:
Dungeon (2/15)

Altars:


Innate Abilities, Weirdness & Mutations

You are immune to sickness and miasma.
Your stone body is resilient. (AC +3)
You are immune to poison.
You resist negative energy. (rN+)
You are resistant to electric shocks. (rElec)
You are resistant to unholy torment.
You are immune to petrification.


Message History

You hit the gnoll but do no damage.
The gnoll is severely wounded.
The gnoll barely misses you.
You hit the gnoll.
The gnoll is almost dead.
The gnoll closely misses you. The gnoll barely misses you.
You sock the gnoll!
You kill the gnoll!
A gnoll comes into view. It is wielding a +0 club.
The gnoll barely misses you.
Things that are here:
a +0 club; a ball python corpse A gnoll comes into view.
It is wielding a +0 club.
The gnoll hits you with a +0 halberd. The gnoll barely misses you.
You barely miss the gnoll. The gnoll hits you with a +0 halberd!
You hit the gnoll.
The gnoll is moderately wounded.
The gnoll completely misses you.
You hit the gnoll but do no damage.
The gnoll is moderately wounded.
The gnoll hits you but does no damage. The gnoll hits you with a +0 club.
You completely miss the gnoll.
The gnoll is moderately wounded.
The gnoll barely misses you. The gnoll closely misses you.
The gnoll hits you with a +0 club.
* * * LOW HITPOINT WARNING * * *
The gnoll hits you but does no damage.
You don't know any spells.
Sorry, you're not good enough to have a special ability.
You hit the gnoll.
The gnoll is heavily wounded.
The gnoll hits you with a +0 halberd.
* * * LOW HITPOINT WARNING * * *
The gnoll barely misses you. The gnoll hits you with a +0 club.
* * * LOW HITPOINT WARNING * * *
You hit the gnoll.
The gnoll is almost dead.
The gnoll barely misses you. The gnoll hits you with a +0 club.
You die...

# ...#### .......##
#..###########
#####...†.......#####
#.###.).#######.....###
#..##...# #####....
#...).@g##### ####.
#.....gg....########
#####......†........
#.....##.......#
#...#....##....#
#...#...... ..##
#...#..#.... .g.
#####..##... ..## #..#
.(.. #....


You could see 3 gnolls.

Vanquished Creatures
  A gnoll (D:2)
  4 adders (D:2)
  A dart slug (D:2)
  4 bats
  An endoplasm (D:1)
  A giant cockroach (D:2)
  2 hobgoblins
  5 jackals
  A quokka (D:2)
  5 ball pythons
  2 frilled lizards (D:2)
  6 goblins
  2 rats
35 creatures vanquished.

Vanquished Creatures (others)
  A hobgoblin (D:2)
1 creature vanquished.

Grand Total: 36 creatures vanquished

Notes
Turn   | Place    | Note
-------+----------+-------------------------------------------
     0 | D:1      | subawu the Gargoyle Monk began the quest for the Orb.
     0 | D:1      | Reached XP level 1. HP: 14/14 MP: 1/1
   249 | D:1      | Reached XP level 2. HP: 19/19 MP: 2/2
  1098 | D:2      | Reached XP level 3. HP: 10/23 MP: 3/3
  1280 | D:2      | Reached skill level 1 in Armour
  1319 | D:2      | Reached XP level 4. HP: 29/29 MP: 4/4
  1442 | D:2      | Slain by a gnoll

Illustrated notes

Levels and vault maps discovered:
D:1:      saegor_arrival_simple_e, layout_basic, serial_rivers,
          chequers_serial_rivers_micro_c, chequers_serial_rivers_large_a,
          chequers_serial_rivers_room_a, chequers_serial_rivers_small_a,
          minmay_misc_feat_columns, palyth_stone_intersect
D:2:      layout_rooms

Skill      XL: |  1  2  3 |
---------------+----------+-----
Armour         | 1 |  1.6
Dodging        | 3 |  3.1
Fighting       | |  3.8
Maces & Flails | |  3.7

Action                     |  1- 3 |  4- 6 || total
---------------------------+-------+-------++-------
  Melee: Mace              |    71 |    27 ||    98
    Use: Scroll            |       |     4 ||     4
 Armour: Robe              |    12 |       ||    12
         Ring mail         |    42 |    13 ||    55
  Dodge: Dodged            |    75 |    27 ||   102

Table legend: (Time is in decaauts)
 A = Elapsed time spent in this place.
 B = Non-inter-level travel time spent in this place.
 C = Inter-level travel time spent in this place.
 D = Time resting spent in this place.
 E = Time spent auto-exploring this place.
 F = Levels seen in this place.
 G = Mean time per level.
                   A        B        C        D        E       F      G
               +--------+--------+--------+--------+--------+-----+--------+
         Total |   1488 |   1423 |     65 |    199 |      0 |   2 |  744.0 |
       Dungeon |   1488 |   1423 |     65 |    199 |      0 |   2 |  744.0 |
               +--------+--------+--------+--------+--------+-----+--------+

Top non-repeatable levels by time:
     D:1: 1115 daAuts
     D:2: 373 daAuts
